 Dungeon Crawl Stone Soup version 0.23-a0-730-g0b75920 (console) character file.

25880 Voker57 the Carver (level 12, -10/89 HPs)
             Began as a Demonspawn Gladiator on Jan 17, 2019.
             Was an Elder of Hepliaklqana.
             Mangled by XanderDroid's ghost (32 damage)
             ... on level 2 of the Lair of Beasts.
             The game lasted 00:32:25 (14497 turns).

Voker57 the Carver (Demonspawn Gladiator)          Turns: 14497, Time: 00:32:26

Health: -10/89     AC: 16    Str: 15    XL:     12   Next: 93%
Magic:  0/18       EV: 20    Int:  9    God:    Hepliaklqana [****..]
Gold:   613        SH:  0    Dex: 25    Spells: 11/11 levels left

rFire    + + .     SeeInvis +   a - +4 scimitar (flame)
rCold    . . .     Gourm    .   (no shield)
rNeg     . . .     Faith    .   z - +2 ring mail {rC+}
rPois    .         Spirit   +   t - +0 helmet of the Guardian {rC- MR++ rCorr} (curse)
rElec    .         Reflect  .   (no cloak)
rCorr    +         Harm     .   j - +1 pair of gloves {Dex+3}
MR       ++...                  (boots unavailable)
Stlth    ++........             A - amulet of rage
HPRegen  0.24/turn              k - +2 ring of protection
MPRegen  0.16/turn              v - ring of Departure {rF++ AC+4 SInv}

@: about to teleport
A: reduced essence, talons 3, thin skeletal structure 1, demonic guardian 1,
magic shield
a: Recall Ancestor, Ancestor Identity, Transference, Idealise, Renounce
Religion, Evoke Berserk Rage


You were on level 2 of the Lair of Beasts.
You worshipped Hepliaklqana.
Hepliaklqana was greatly pleased with you.
You were not hungry.

You visited 3 branches of the dungeon, and saw 14 of its levels.
You also visited: Sewer and Gauntlet.

You collected 758 gold pieces.
You spent 145 gold pieces at shops.

Inventory:

Hand Weapons
 a - a +4 scimitar of flaming (weapon)
 x - the +8 glaive of the Guard {elec, +Rage AC+5 SInv}
   (You found it in a Gauntlet)

   Occasionally, upon striking a foe, it will discharge some electrical energy
   and cause terrible harm.
   It affects your AC (+5).
   It lets you see invisible.
   It lets you go berserk.
 U - a +0 blowgun
Missiles
 w - 12 steel javelins
 y - a throwing net (quivered)
 V - 10 curare-tipped needles
Armour
 b - the +3 pair of boots "Zanlei" {rC- Regen+ Stlth+, unknown}
   (You found it in a Gauntlet)

   It makes you vulnerable to cold.
   It increases your rate of regeneration.
   It makes you more stealthy.
 c - a +1 helmet
 j - a +1 pair of gloves of dexterity (worn)
 t - the cursed +0 helmet of the Guardian (worn) {rC- MR++ rCorr}
   (You found it in a Gauntlet)

   It makes you vulnerable to cold.
   It affects your resistance to hostile enchantments.
   It provides partial protection from all sources of acid and corrosion.
   It has a curse placed upon it.
 z - a +2 ring mail of cold resistance (worn)
 L - a +2 ring mail of positive energy
 R - a +2 leather armour of fire resistance
Jewellery
 k - a +2 ring of protection (left hand)
 v - the ring of Departure (right hand) {rF++ AC+4 SInv}
   (You found it in a Gauntlet)

   [ring of protection]

   It affects your AC (+4).
   It greatly protects you from fire.
   It lets you see invisible.
 A - an amulet of rage (around neck)
 N - the amulet "Rumelug" {Harm *Drain rF+ Dex+2 Stlth+}
   (You took it off an orc on level 8 of the Dungeon)

   [amulet of harm]

   It increases damage dealt and taken.
   It affects your dexterity (+2).
   It protects you from fire.
   It causes draining when unequipped.
   It makes you more stealthy.
Wands
 u - a wand of digging (4)
 G - a wand of iceblast (10)
 H - a wand of polymorph (11)
 I - a wand of random effects (19)
 K - a wand of flame (20)
 M - a wand of enslavement (5)
Scrolls
 g - 9 scrolls of identify
 h - 8 scrolls of remove curse
 l - 2 scrolls of enchant armour
 p - 6 scrolls of teleportation
 E - 4 scrolls of fear
 J - a scroll of fog
Potions
 d - 6 potions of curing
 e - 3 potions of agility
 i - 2 potions of mutation
 m - 8 potions of flight
 n - 2 potions of might
 q - a potion of lignification
 s - 2 potions of heal wounds
 B - 2 potions of brilliance {unknown}
 C - 2 potions of cancellation
 D - a potion of haste
Miscellaneous
 o - a lightning rod (4/4)
Comestibles
 f - 24 rations


   Skills:
 + Level 10.8 Fighting
 * Level 13.6 Long Blades
 - Level 1.7 Throwing
 + Level 10.2 Dodging
 - Level 8.0 Invocations


You had 11 spell levels left.
You didn't know any spells.
Your spell library contained the following spells:

 Spells                   Type           Power        Failure   Level  Hunger
 Gell's Gravitas          Tloc           #.........   94%         3    ####...
 Portal Projectile        Hex/Tloc       #.....       94%         3    ####...
 Static Discharge         Conj/Air       #.......     94%         3    ####...
 Force Lance              Conj/Tloc      #.......     100%        4    #####..
 Lightning Bolt           Conj/Air       #.........   100%        5    ######.
 Dispersal                Tloc           #.........   100%        6    #######
 Controlled Blink         Tloc           N/A          100%        8    #######
 Disjunction              Tloc           #.........   100%        8    #######
 Ignition                 Fire           #.........   100%        8    #######
 Shatter                  Erth           #.........   100%        9    #######
 Tornado                  Air            #.........   100%        9    #######


Dungeon Overview and Level Annotations

Branches:
Dungeon (11/15)            Temple (1/1) D:5            Lair (2/6) D:11
    Orc (0/2) D:10
  Swamp: Lair:2-4    Shoals: Lair:2-4     Snake: Lair:2-4    Spider: Lair:2-4

Altars:
Ashenzari
Dithmenos
Fedhas
Gozag
Hepliaklqana
Kikubaaqudgha
Makhleb
Nemelex Xobeh
Okawaru
Qazlal
Ru
Sif Muna
Trog
Uskayaw
Vehumet
Wu Jian
Xom
Yredelemnul
Zin
The Shining One

Shops:
D:5 %*?!   D:6 ?

Annotations:
D:8 3 runed doors, Lanoc's ghost, novice GnWn
Lair:2 XanderDroid's ghost, journeyman MiBe


Innate Abilities, Weirdness & Mutations

You have claws for feet.
You have a somewhat thin skeletal structure. (Dex +2, Stealth)
A weak demonic guardian rushes to your aid.
When hurt, damage is shared between your health and your magic reserves.
Your life essence is reduced to manifest your ancestor. (-10% HP)


Message History

Your shadow imp hits XanderDroid's ghost.
Your shadow imp hits XanderDroid's ghost but does no damage.
You strike the helpless XanderDroid's ghost from behind!
You hit XanderDroid's ghost. You burn XanderDroid's ghost.
You claw XanderDroid's ghost, but do no damage.
XanderDroid's ghost is almost destroyed.
XanderDroid's ghost hits you!!
* * * LOW HITPOINT WARNING * * *
You feel your power leaking away.
Your shadow imp hits XanderDroid's ghost but does no damage. x2
Your shadow imp hits XanderDroid's ghost but does no damage.
XanderDroid's ghost laughs crazily.
Okay, then.
You feel much better. XanderDroid's ghost hits you!
* * * LOW HITPOINT WARNING * * *
As you read the scroll of teleportation, it crumbles to dust.
You feel strangely unstable.
Your shadow imp barely misses XanderDroid's ghost. x2
XanderDroid's ghost hits you!!
You die...

### ### ### ##
#.####.#######.######
.############.#.P.###.#P#.#.##.#.
................@................
.................W5.....##.#...#.
.................5......####....#
.........................P###.###
..............#P..##.....## #.###
#P####.###....###.#.....## #....
### ### ##...###...#'#..## #..##
#..<.##..##.##..###...#
##....#..##...##......## ###
#.......##.....##..#...#


You could see XanderDroid's ghost and 2 friendly shadow imps.

Vanquished Creatures
  A minotaur (Gauntlet)
  3 two-headed ogres
  A death scarab (Gauntlet)
  Sonja (D:10)
  2 unseen horrors
  A spectral death yak (Gauntlet)
  2 wizards (Gauntlet)
  A phantasmal warrior (D:11)
  2 black mambas
  4 spiny frogs
  A gargoyle (D:10)
  A komodo dragon (Lair:2)
  A troll (D:11)
  A blink frog (Lair:2)
  2 hippogriffs
  13 yaks
  A spriggan (D:8)
  A wyvern (D:8)
  A basilisk (Lair:2)
  Menkaure (D:4)
  Edmund (D:6)
  A spectral spiny frog (Gauntlet)
  8 water moccasins
  2 orc warriors (D:10)
  Duvessa (D:7)
  6 porcupines
  2 ice beasts
  2 phantoms
  5 sky beasts
  2 necrophages
  3 ogres
  An eye of draining (D:10)
  7 centaurs
  4 big kobolds
  4 crocodiles
  A wyvern zombie (D:7)
  10 bullfrogs
  Dowan (D:7)
  3 scorpions
  6 wights
  5 howler monkeys
  2 bullfrog zombies
  5 crimson imps
  A gnoll shaman (D:7)
  5 hounds
  Crazy Yiuf (D:2)
  4 orc priests
  3 bullfrog skeletons
  A jelly (D:5)
  10 orc wizards
  8 iguanas
  2 worker ants
  A hound zombie (D:11)
  2 hound skeletons
  11 gnolls
  5 adders
  3 river rats (Sewer)
  4 shadow imps
  An ooze (D:2)
  An adder zombie (D:5)
  3 worms
  2 dart slugs
  6 leopard geckos
  33 orcs
  4 bats
  9 giant cockroaches
  2 goblins
  11 hobgoblins
  11 jackals
  4 quokkas
  5 ball pythons
  9 frilled lizards
  2 jackal skeletons
  24 kobolds
  5 rats
316 creatures vanquished.

Vanquished Creatures (collateral kills)
  The ghost of XomSucks the Spear-Bearer, a journeyman MfGl of the Shining One (D:10)
  Erica (D:8)
  2 two-headed ogres
  A death scarab (Gauntlet)
  An unseen horror (D:11)
  A cyclops (D:11)
  2 blink frogs (Lair:2)
  Sigmund (D:5)
  A yak (D:11)
  2 hungry ghosts
  A basilisk (D:11)
  A steam dragon (Lair:2)
  5 porcupines
  2 orc warriors (D:10)
  2 ogres
  3 crocodiles
  A gnoll sergeant (D:6)
  2 scorpions
  2 wights
  An electric eel (Lair:1)
  3 hounds
  2 jellies
  7 orc wizards
  An iguana (D:8)
  4 gnolls
  11 orcs
  A jackal (D:8)
  2 kobolds
  A quokka (D:11)
65 creatures vanquished.

Vanquished Creatures (others)
  6 battlemagi
  2 ancestors (D:7)
  A white imp (Gauntlet)
  5 demonic plants (Gauntlet)
  4 plants
18 creatures vanquished.

Grand Total: 399 creatures vanquished

Notes
Turn   | Place    | Note
-------+----------+-------------------------------------------
     0 | D:1      | Voker57 the Demonspawn Gladiator began the quest for the
                  | Orb.
     0 | D:1      | Reached XP level 1. HP: 16/16 MP: 1/1
   103 | D:1      | Reached skill level 3 in Long Blades
   144 | D:1      | Gained mutation: When hurt, damage is shared between your
                  | health and your magic reserves. [demonic ancestry]
   144 | D:1      | Reached XP level 2. HP: 18/22 MP: 2/2
   557 | D:2      | Reached XP level 3. HP: 18/28 MP: 1/3
   586 | D:2      | Found a runed door.
   689 | D:2      | Found a shadowy altar of Dithmenos.
   911 | D:2      | Reached XP level 4. HP: 34/34 MP: 4/4
  1263 | D:2      | Noticed Crazy Yiuf
  1266 | D:2      | Killed Crazy Yiuf
  1266 | D:2      | Reached skill level 4 in Long Blades
  1361 | D:3      | Found a shattered altar of Ashenzari.
  1736 | D:3      | Gained mutation: A weak demonic guardian rushes to your
                  | aid. [demonic ancestry]
  1736 | D:3      | Reached XP level 5. HP: 36/41 MP: 5/5
  2210 | D:4      | Noticed Menkaure
  2682 | D:4      | Gained mutation: You have sharp toenails. [demonic
                  | ancestry]
  2682 | D:4      | Reached XP level 6. HP: 38/47 MP: 6/6
  2846 | D:4      | Killed Menkaure
  2846 | D:4      | Reached skill level 5 in Long Blades
  3251 | D:4      | Reached XP level 7. HP: 48/54 MP: 7/7
  3621 | D:5      | Entered Level 5 of the Dungeon
  3673 | D:5      | Found Ilyrrunu's Distillery.
  3716 | D:5      | Bought a potion of mutation for 96 gold pieces
  3840 | D:5      | Found a glowing drain.
  3874 | Sewer    | Entered a sewer
  3878 | Sewer    | Reached skill level 6 in Long Blades
  4184 | Sewer    | Found a white marble altar of Elyvilon.
  4233 | D:5      | Found Imalacsi's General Store.
  4489 | D:5      | Found Xeucw's Food Shop.
  4648 | D:5      | Reached skill level 5 in Dodging
  4659 | D:5      | Gained mutation: You have razor-sharp toenails. [demonic
                  | ancestry]
  4659 | D:5      | Reached XP level 8. HP: 44/61 MP: 6/8
  4694 | D:5      | Found Juenano's Magic Scroll Emporium.
  4993 | D:5      | Found a staircase to the Ecumenical Temple.
  5073 | D:5      | Reached skill level 5 in Fighting
  5102 | D:5      | Noticed Sigmund
  5108 | D:5      | Killed Sigmund
  5175 | D:6      | Reached skill level 7 in Long Blades
  5244 | D:6      | Noticed Edmund
  5264 | D:6      | Killed Edmund
  5357 | D:6      | Found an opulent altar of Gozag.
  5821 | Temple   | Entered the Ecumenical Temple
  5986 | Temple   | Became a worshipper of Hepliaklqana the Forgotten
  6081 | D:6      | Reached skill level 8 in Long Blades
  6377 | D:6      | Reached XP level 9. HP: 54/62 MP: 4/9
  6498 | D:6      | Found a sacrificial altar of Ru.
  6501 | D:6      | Found a hide-covered altar of Uskayaw.
  6619 | D:6      | Found Comeruv's Magic Scroll Emporium.
  6627 | D:6      | Bought a scroll of fear for 49 gold pieces
  6947 | D:7      | Noticed Duvessa
  6948 | D:7      | Noticed Dowan
  6956 | D:7      | Killed Duvessa
  6977 | D:7      | Killed Dowan
  7218 | D:7      | Reached skill level 9 in Long Blades
  7892 | D:8      | Reached * piety under Hepliaklqana
  7969 | D:8      | Gained mutation: You have claws for feet. [demonic
                  | ancestry]
  7969 | D:8      | Reached XP level 10. HP: 34/71 MP: 6/10
  8192 | D:8      | Found a radiant altar of Vehumet.
  8222 | D:8      | Reached skill level 1 in Invocations
  8302 | D:8      | Noticed Erica
  8308 | D:8      | Killed Erica
  8308 | D:8      | Reached skill level 10 in Long Blades
  8557 | D:8      | Noticed a two-headed ogre
  8560 | D:8      | Killed a two-headed ogre
  8684 | D:8      | Identified the amulet "Rumelug" {Harm *Drain rF+ Dex+2
                  | Stlth+}
  8749 | D:8      | Found a runed gate.
  8750 | D:8      | Noticed an 11-headed hydra
  8751 | D:8      | Noticed Lanoc's ghost (novice GnWn)
  8752 | D:8      | Found a runed gate.
  8752 | D:8      | Found a runed gate.
  8752 | D:8      | Noticed a ten-headed hydra
  9119 | D:9      | Reached ** piety under Hepliaklqana
  9120 | D:9      | Remembered your ancestor Kendrick as a battlemage
  9333 | D:9      | Noticed a two-headed ogre
  9340 | D:9      | Killed a two-headed ogre
  9740 | D:10     | Entered Level 10 of the Dungeon
  9756 | D:10     | Noticed a gargoyle
  9766 | D:10     | Reached skill level 5 in Invocations
  9771 | D:10     | Killed a gargoyle
  9771 | D:10     | Reached skill level 11 in Long Blades
  9771 | D:10     | Reached XP level 11. HP: 63/78 MP: 3/14
  9813 | D:10     | Noticed Sonja
  9845 | D:10     | Killed Sonja
 10066 | D:10     | Noticed a two-headed ogre
 10068 | D:10     | Noticed a two-headed ogre
 10071 | D:10     | Killed a two-headed ogre
 10074 | D:10     | Noticed a two-headed ogre
 10076 | D:10     | Killed a two-headed ogre
 10340 | D:10     | Killed a two-headed ogre
 10399 | D:10     | Found a runed door.
 10399 | D:10     | Noticed XomSucks's ghost (journeyman MfGl)
 10428 | D:10     | Killed XomSucks's ghost
 10500 | D:10     | Killed an unseen horror
 11040 | D:10     | Found a staircase to the Orcish Mines.
 11149 | D:11     | Found a staircase to the Lair.
 11171 | D:11     | Killed an unseen horror
 11171 | D:11     | Reached skill level 12 in Long Blades
 11493 | D:11     | Identified a scroll of acquirement
 11504 | D:11     | Killed an unseen horror
 11504 | D:11     | Gained mutation: You have a somewhat thin skeletal
                  | structure. (Dex +2, Stealth) [demonic ancestry]
 11504 | D:11     | Reached XP level 12. HP: 37/87 MP: 7/17
 11521 | D:11     | Reached *** piety under Hepliaklqana
 12159 | D:11     | Noticed a yaktaur captain
 12181 | Lair:1   | Entered Level 1 of the Lair of Beasts
 12246 | Lair:1   | Found a gate leading to a gauntlet.
 12272 | Gauntlet | Entered a Gauntlet
 12272 | Gauntlet | Found a transporter.
 12281 | Gauntlet | Found a transporter.
 12283 | Gauntlet | Found a transporter.
 12284 | Gauntlet | Found a transporter.
 12287 | Gauntlet | Found a transporter.
 12288 | Gauntlet | Found a transporter.
 12296 | Gauntlet | Found a transporter.
 12302 | Gauntlet | Found a transporter.
 12388 | Gauntlet | Found a transporter.
 12409 | Gauntlet | Found a transporter.
 12411 | Gauntlet | Found a transporter.
 12413 | Gauntlet | Found a runed translucent gate.
 12413 | Gauntlet | Found a runed translucent gate.
 12413 | Gauntlet | Found a runed translucent gate.
 12415 | Gauntlet | Noticed a death scarab
 12415 | Gauntlet | Noticed a death scarab
 12420 | Gauntlet | Found a transporter.
 12447 | Gauntlet | Killed a death scarab
 12447 | Gauntlet | Reached skill level 10 in Fighting
 12452 | Gauntlet | Killed a death scarab
 12469 | Gauntlet | Got a pair of polished boots
 12684 | Gauntlet | Got a jewelled helmet
 12695 | Gauntlet | Identified the cursed +0 helmet of the Guardian {rC- MR++
                  | rCorr} (You found it in a Gauntlet)
 12700 | Gauntlet | Got a twitching bone ring
 12701 | Gauntlet | Identified the ring of Departure {rF++ AC+4 SInv} (You
                  | found it in a Gauntlet)
 12914 | Gauntlet | Noticed a minotaur
 12924 | Gauntlet | Killed a minotaur
 12924 | Gauntlet | Reached skill level 13 in Long Blades
 12932 | Gauntlet | Found the +8 glaive of the Guard {elec, +Rage AC+5 SInv}
 13399 | Lair:1   | Reached **** piety under Hepliaklqana
 13815 | Lair:2   | Reached skill level 10 in Dodging
 13915 | Lair:2   | Noticed XanderDroid's ghost (journeyman MiBe)
 13918 | Lair:2   | Found a runed door.
 14497 | Lair:2   | Mangled by XanderDroid's ghost

Vault maps used:
D:1:      minmay_arrival_four_houses
D:2:      first_ration, grunt_dithmenos_smoke, uniq_crazy_yiuf_cottage
D:3:      evilmike_ruin_ashenzari
D:4:      uniq_menkaure
D:5:      minmay_temple_entry_poolview, portal_sewer_entry_b, serial_shops,
          nicolae_shop_statue_plus, shop, shop_statue, shop_coins,
          kennysheep_generic_room_4, uniq_sigmund
D:6:      nicolae_overflow_hidden_temple,
          nicolae_gozag_cash_rules_everything_around_me, serial_shops, shop,
          uniq_edmund
D:7:      feat_on_display, uniq_duvessa
D:8:      vehumet_altar_wand_db, gammafunk_ghost_hydra_chop, the_bakery,
          uniq_erica
D:9:      wad_crossroads
D:10:     david_orc_4, ebering_ghost_inner_flame, uniq_sonja
D:11:     minmay_chopped_fan, minmay_lair_entry_grove
Temple:   eino_temple_scatter_basement
Lair:1:   gauntlet_entry_generic
Lair:2:   hellmonk_ghost_happy_afterlife, serial_bayou_shore_b
Sewer:    sewer_kobolds
Gauntlet: minmay_gauntlet_mixed_oops_all_seconds

Skill      XL: |  1  2  3  4  5  6  7  8  9 10 11 12 |
---------------+-------------------------------------+-----
Long Blades    | 3 4 5 6 8 9 11 12 13 | 13.6
Dodging        | 3 4 5 6 7 8 9 10 | 10.2
Fighting       | 3 4 6 7 8 9 10 | 10.8
Invocations    | 5 7 8 |  8.0
Throwing       | |  1.7

Action                   |  1- 3 |  4- 6 |  7- 9 | 10-12 || total
-------------------------+-------+-------+-------+-------++-------
Melee: Long sword        |   105 |   123 |   522 |    40 ||   790
       Scimitar          |       |       |       |   368 ||   368
       Kick              |       |       |       |   186 ||   186
Throw: Throwing net      |       |     4 |     1 |       ||     5
Invok: Ancestor Identity |       |       |     1 |       ||     1
       Ancestor Life: Ba |       |       |       |     1 ||     1
       Recall Ancestor   |       |       |       |     2 ||     2
 Abil: Evoke Berserk Rag |       |       |       |     2 ||     2
Evoke: Wand              |       |     1 |     3 |     6 ||    10
  Use: Scroll            |       |     1 |     2 |    16 ||    19
       Potion            |       |       |     7 |     8 ||    15
 Stab: Sleeping          |     2 |       |     1 |     2 ||     5
       Held in net/web   |       |     1 |     1 |       ||     2
       Distracted        |       |       |     7 |     5 ||    12
  Eat: Chunk             |       |     8 |    16 |    19 ||    43
       Ration            |       |       |       |     1 ||     1
Armor: Leather armour    |    43 |    42 |   129 |    57 ||   271
       Ring mail         |       |       |       |    20 ||    20
Dodge: Dodged            |    93 |   107 |   425 |   298 ||   923
       Rpst.: Long sword |    33 |    41 |   129 |    14 ||   217
       Scimitar          |       |       |       |    77 ||    77

Table legend:
 A = Non-vault XP
 B = Vault XP
 C = Vault XP percentage of total XP
 D = Non-vault monster count
 E = Vault monster count
 F = Vault count percentage of total count
                 A         B        C        D         E       F
            +---------+---------+-------+---------+---------+-------
      Total |   23681 |   13291 |  35.9 |     308 |      73 |  19.2
            +---------+---------+-------+---------+---------+-------
        D:1 |      27 |       0 |   0.0 |      17 |       0 |   0.0
        D:2 |     126 |      41 |  24.6 |      28 |       1 |   3.4
        D:3 |      84 |       0 |   0.0 |      13 |       0 |   0.0
        D:4 |     382 |     146 |  27.7 |      19 |       1 |   5.0
        D:5 |     552 |     200 |  26.6 |      31 |       9 |  22.5
        D:6 |    1140 |     145 |  11.3 |      29 |       1 |   3.3
        D:7 |    1518 |     220 |  12.7 |      39 |       2 |   4.9
        D:8 |    2495 |    1131 |  31.2 |      41 |       3 |   6.8
        D:9 |    1830 |     360 |  16.4 |      15 |       3 |  16.7
       D:10 |    5481 |    2342 |  29.9 |      25 |      17 |  40.5
       D:11 |    2399 |    3271 |  57.7 |      14 |      16 |  53.3
     Lair:1 |    2716 |       0 |   0.0 |      12 |       0 |   0.0
     Lair:2 |    4931 |       0 |   0.0 |      25 |       0 |   0.0
      Sewer |       0 |     137 | 100.0 |       0 |      11 | 100.0
   Gauntlet |       0 |    5298 | 100.0 |       0 |       9 | 100.0
            +---------+---------+-------+---------+---------+-------
